 Dungeon Crawl Stone Soup version 0.26-a0-146-g24f6d3962c (webtiles) character file.

Game seed: 14940574171028502190

90 MarredHen the Bolt Thrower (level 4, -1/27 HPs)
             Began as a Kobold Hunter on June 29, 2020.
             Was an Initiate of Gozag.
             Slain by an orc
             ... wielding a +0 whip
              (6 damage)
             ... on level 3 of the Dungeon.
             The game lasted 00:04:46 (2140 turns).

MarredHen the Bolt Thrower (Kobold Hunter)          Turns: 2140, Time: 00:04:47

Health: -1/27      AC:  3    Str:  9    XL:     4   Next: 85%
Magic:  4/4        EV: 15    Int: 12    God:    Gozag
Gold:   141        SH:  0    Dex: 16    Spells: 3/3 levels left

rFire    . . .     SeeInvis .   b - +0 short sword
rCold    . . .     Faith    .   (shield restricted)
rNeg     . . .     Spirit   .   c - +0 leather armour
rPois    .         Reflect  .   (no helmet)
rElec    .         Harm     .   (no cloak)
rCorr    .                      (no gloves)
MR       .....                  (no boots)
Stlth    ++........             (no amulet)
HPRegen  0.09/turn              (no ring)
MPRegen  0.09/turn              (no ring)

@: no status effects
A: small, carnivore
a: Potion Petition, Call Merchant, Bribe Branch, Renounce Religion


You were on level 3 of the Dungeon.
You worshipped Gozag.
Gozag was aware of your devotion.
You were not hungry.

You visited 1 branch of the dungeon, and saw 3 of its levels.

You collected 160 gold pieces.
You paid 19 gold pieces to Gozag.

Inventory:

Hand Weapons
 a - a +1 hand crossbow
 b - a +0 short sword (weapon)
Missiles
 d - 2 bolts
Armour
 c - a +0 leather armour (worn)
Jewellery
 g - a +6 ring of intelligence {unknown}
Scrolls
 e - 5 scrolls of identify {unknown}
 h - a scroll of enchant weapon {unknown}
 i - 2 scrolls of teleportation {unknown}
 j - a scroll of remove curse {unknown}
Potions
 k - a potion of heal wounds
 l - a potion of curing {unknown}
Comestibles
 f - 3 rations


   Skills:
 + Level 2.8 Fighting
 - Level 0.3 Short Blades
 + Level 6.6 Crossbows
 - Level 0.2 Armour
 + Level 2.5 Dodging
 + Level 1.3 Stealth


You had 3 spell levels left.
You didn't know any spells.
Your spell library was empty.

Dungeon Overview and Level Annotations

Branches:
Dungeon (3/15)

Altars:
Gozag
Okawaru
Qazlal
The Shining One

Annotations:
D:3 3 runed translucent doors, duje's ghost, weakling DEWr


Innate Abilities, Weirdness & Mutations

You are small and have problems with some larger weapons.
You are carnivorous and can eat meat at any time.


Message History

The orc is heavily wounded.
The orc barely misses you.
You closely miss the orc.
The orc is heavily wounded.
The orc closely misses you.
You hit the orc but do no damage.
The orc is heavily wounded.
The orc hits you with a +0 whip.
You hit the orc but do no damage.
The orc is heavily wounded.
The orc hits you with a +0 whip.
* * * LOW HITPOINT WARNING * * *
You hit the orc but do no damage.
The orc is heavily wounded.
The orc barely misses you.
You hit the orc but do no damage.
The orc is heavily wounded.
The orc hits you with a +0 whip.
You die...
Your body crumbles into a pile of gold.

# #.
###
.##..
...##
...#
#o.#
#@.#
#.$#
#..#
#..#
.
#..#
.
#..#
#..#
#..
#..#
##.#
$
#.##


You could see an orc.

Vanquished Creatures
  An adder (D:2)
  A worm (D:3)
  A dart slug (D:3)
  2 leopard geckos (D:2)
  2 orcs (D:3)
  A ball python (D:2)
  7 bats
  2 giant cockroaches (D:1)
  8 goblins
  9 hobgoblins
  7 jackals
  6 kobolds
  A quokka (D:2)
  10 frilled lizards
  9 rats
67 creatures vanquished.

Notes
Turn   | Place    | Note
-------+----------+-------------------------------------------
     0 | D:1      | MarredHen the Kobold Hunter began the quest for the Orb.
     0 | D:1      | Reached XP level 1. HP: 12/12 MP: 1/1
    28 | D:1      | Reached skill level 5 in Crossbows
    81 | D:1      | Reached XP level 2. HP: 17/17 MP: 2/2
   519 | D:1      | Reached XP level 3. HP: 21/21 MP: 3/3
   732 | D:1      | Reached skill level 6 in Crossbows
  1198 | D:2      | Reached XP level 4. HP: 23/27 MP: 4/4
  1517 | D:2      | Found a faded altar of an unknown god.
  1517 | D:2      | Found a glowing golden altar of the Shining One.
  1522 | D:2      | Found a stormy altar of Qazlal.
  1524 | D:2      | Found an opulent altar of Gozag.
  1526 | D:2      | Found a faded altar of an unknown god.
  1664 | D:2      | Found an iron altar of Okawaru.
  1794 | D:2      | Became a worshipper of Gozag Ym Sagoz the Greedy
  1860 | D:3      | Noticed duje's ghost (weakling DEWr)
  1957 | D:3      | Found a runed translucent gate.
  1957 | D:3      | Found a runed translucent gate.
  1985 | D:3      | Found a runed translucent gate.
  2140 | D:3      | Slain by an orc

Illustrated notes

Levels and vault maps discovered:
D:1:      minmay_arrival_stone_box, layout_basic, minmay_misc_feat_iff
D:2:      layout_rooms, kennysheep_okawaru_gauntlet,
          chequers_temple_overflow_minitemple
D:3:      layout_loops_ring, marbit_many_paths, chequers_ecumenical_altar_lobes,
          gammafunk_ghost_split

Skill      XL: |  1  2  3 |
---------------+----------+-----
Crossbows      | 5 6 |  6.6
Fighting       | |  2.8
Short Blades   | |  0.3
Armour         | |  0.2
Dodging        | |  2.5
Stealth        | |  1.3

Action                   |  1- 3 |  4- 6 || total
-------------------------+-------+-------++-------
Melee: Short sword       |       |    52 ||    52
 Fire: Hand crossbow     |    76 |    41 ||   117
  Eat: Chunk             |     2 |     3 ||     5
Armor: Leather armour    |     7 |     8 ||    15
Dodge: Dodged            |    15 |    48 ||    63

Table legend:
 A = Non-vault XP
 B = Vault XP
 C = Vault XP percentage of total XP
 D = Non-vault monster count
 E = Vault monster count
 F = Vault count percentage of total count
                 A         B        C        D         E       F
            +---------+---------+-------+---------+---------+-------
      Total |     126 |       3 |   2.3 |      65 |       2 |   3.0
            +---------+---------+-------+---------+---------+-------
        D:1 |      46 |       0 |   0.0 |      31 |       0 |   0.0
        D:2 |      51 |       3 |   5.6 |      21 |       2 |   8.7
        D:3 |      29 |       0 |   0.0 |      13 |       0 |   0.0
            +---------+---------+-------+---------+---------+-------
